 Dungeon Crawl Stone Soup version 0.19-a0-1168-g98094fc (webtiles) character file.

67 4thArraOfDagon the Sneak (level 3, -5/17 HPs)
             Began as a Spriggan Abyssal Knight on Aug 15, 2016.
             Was a Follower of Lugonu.
             Killed from afar by Multipenetrator's ghost (7 damage)
             ... with a zap
             ... on level 3 of the Dungeon.
             The game lasted 00:03:13 (418 turns).

4thArraOfDagon the Sneak (Spriggan Abyssal Knight)   Turns: 418, Time: 00:03:14

Health: -5/17      AC:  4    Str: 13    XL:     3   Next: 98%
Magic:  5/5        EV: 21    Int: 19    God:    Lugonu [*.....]
Gold:   97         SH:  2    Dex: 15    Spells: 0 memorised, 2 levels left

rFire  . . .     SeeInvis +     a - +1 short sword
rCold  . . .     Gourm    .     b - +0 robe
rNeg   . . .     Faith    .     (shield restricted)
rPois  .         Spirit   .     (helmet restricted)
rElec  .         Dismiss  .     (no cloak)
rCorr  .         Reflect  .     (gloves unavailable)
MR     .....     Harm     .     (boots unavailable)
Stlth  +++.......               (no amulet)
                                (no ring)
                                (no ring)

@: mighty, brilliant, very quick
A: unfitting armour, repulsion field 1, large bone plates 1, see invisible,
herbivore 3, speed 3, frail 1, slow metabolism 2
a: Depart the Abyss, Renounce Religion


You were on level 3 of the Dungeon.
You worshipped Lugonu.
Lugonu was aware of your devotion.
You were not hungry.

You visited 1 branch of the dungeon, and saw 4 of its levels.
You visited the Abyss 1 time.

You collected 97 gold pieces.

Inventory:

Hand Weapons
 a - a +1 short sword (weapon)
Armour
 b - a +0 robe (worn)
Wands
 g - a wand of polymorph (6/24)
Scrolls
 d - 3 scrolls of brand weapon {unknown}
 e - a scroll of random uselessness {unknown}
 f - a scroll of amnesia {unknown}
 h - 2 scrolls of identify {unknown}
Comestibles
 c - 2 bread rations


   Skills:
 - Level 2.4 Fighting
 * Level 3.6 Short Blades
 - Level 3.6 Dodging
 * Level 3.8 Stealth
 - Level 1.7 Invocations


You had 2 spell levels left.
You didn't know any spells.

Dungeon Overview and Level Annotations

Branches:
Dungeon (4/15)
 Temple: D:4-7

Altars:

Annotations:
D:3 Multipenetrator's ghost, novice HEAE


Innate Abilities, Weirdness & Mutations

You are tiny and cannot use many weapons and most armour.
You have supernaturally acute eyesight. (SInv)
You are a herbivore.
You cover ground extremely quickly.
You need consume almost no food.
You are surrounded by a mild repulsion field. (EV +2)
You are partially covered in large bone plates. (AC +2, SH +2)
You are frail. (-10% HP)


Message History

Unknown command.
Unknown command.
Multipenetrator's ghost turns its malevolent gaze towards you.
An orc priest comes into view.
A giant cockroach comes into view.
Unknown command.
Unknown command.
You open the door.
A dart slug comes into view.
Found a stone staircase leading up.
There is an open door here.
Unknown command.
A giant newt comes into view.
Unknown command.
Unknown command.
Found 7 gold pieces.
Unknown command.
Multipenetrator's ghost casts a spell at you.
The zap hits you!
You die...

#######
######<....$.
############....@#
.g...o....KW....s+
...g......##.....#
#########..#.....#
##.#.....#
....w..# #......##
#......# ......#


You could see Multipenetrator's ghost, a dart slug (wandering), a giant
cockroach (wandering) and a kobold.

Vanquished Creatures
  A hound (D:3)
  2 adders
  2 dart slugs (D:1)
  An orc (D:3)
  A giant cockroach (D:3)
  A goblin (D:3)
  2 hobgoblins
  3 jackals (D:3)
  A bat (D:3)
  A kobold (D:2)
15 creatures vanquished.

Notes
Turn   | Place    | Note
-------+----------+-------------------------------------------
     0 | Abyss:1  | 4thArraOfDagon the Spriggan Abyssal Knight began the quest for the Orb.
     0 | Abyss:1  | Reached XP level 1. HP: 11/11 MP: 3/3
    19 | Abyss:2  | Noticed a tentacled starspawn
    52 | Abyss:2  | Noticed a smoke demon
    54 | Abyss:2  | Noticed a small abomination
    55 | Abyss:2  | Noticed an iron imp
    58 | Abyss:2  | Noticed a worldbinder
    61 | Abyss:2  | Noticed a yaktaur
    61 | Abyss:2  | Noticed a small abomination
    61 | Abyss:2  | Noticed a yaktaur
    65 | Abyss:3  | Found a corrupted altar of Lugonu.
    80 | Abyss:3  | Noticed a flying skull
    80 | Abyss:3  | Noticed a flying skull
    81 | Abyss:3  | Noticed a flying skull
    82 | Abyss:3  | Noticed a flying skull
    83 | Abyss:3  | Noticed a flying skull
    84 | Abyss:3  | Noticed a spatial maelstrom
    90 | Abyss:3  | Noticed a spatial vortex
    93 | Abyss:3  | Noticed a spatial vortex
    94 | Abyss:3  | Noticed a spatial vortex
    99 | Abyss:3  | Noticed a spatial vortex
   106 | Abyss:3  | Noticed a spatial vortex
   107 | Abyss:3  | Noticed a spatial vortex
   108 | Abyss:3  | Noticed a spatial vortex
   110 | Abyss:3  | Noticed a spatial vortex
   116 | Abyss:3  | Noticed a spatial vortex
   118 | Abyss:3  | Noticed a spatial vortex
   119 | Abyss:3  | Noticed a tentacled starspawn
   119 | Abyss:3  | Noticed a spatial vortex
   119 | D:1      | Escaped the Abyss
   165 | D:1      | Reached skill level 1 in Stealth
   250 | D:2      | Reached XP level 2. HP: 16/16 MP: 4/4
   254 | D:2      | Reached * piety under Lugonu
   337 | D:3      | Reached XP level 3. HP: 8/19 MP: 5/5
   387 | D:3      | Gained mutation: You are surrounded by a mild repulsion field. (EV +2) [potion of mutation]
   387 | D:3      | Gained mutation: You are partially covered in large bone plates. (AC +2, SH +2) [potion of mutation]
   387 | D:3      | Gained mutation: You are frail. (-10% HP) [potion of mutation]
   402 | D:3      | Noticed Multipenetrator's ghost (novice HEAE)
   418 | D:3      | Killed from afar by Multipenetrator's ghost

Vault maps used:
D:1:      dpeg_chamrin_arrival_tetris
D:2:      lemuel_crystal_altar, ecumenical_altar_1
D:3:      first_bread, grunt_ministairs_2
D:4:      eat_drink_and_be_merry_uskayaw, enter_ossuary_5,
          hangedman_feature_mirror, nicolae_elemental_shop, uniq_eustachio
Abyss:2:  abyss_fake_exit

Skill      XL: |  1  2 |
---------------+-------+-----
Stealth        | 2 3 |  3.8
Short Blades   | 3 |  3.6
Fighting       | |  2.4
Dodging        | |  3.6
Invocations    | |  1.7

Action                   || total
-------------------------++-------
Melee: Short sword       ||    61
Invok: Depart the Abyss  ||     1
Evoke: Wand              ||     1
  Use: Potion            ||     4
 Stab: Sleeping          ||     3
Armor: Robe              ||     1
       Skin              ||    50
Dodge: Dodged            ||    56
